 Dungeon Crawl Stone Soup version 0.31-a0-133-gaae73658be (webtiles) character file.

Game seed: 3099357657807632108

2 mopl the Vexing (level 1, -1/10 HPs)
             Began as a Deep Elf Enchanter on June 2, 2023.
             Slain by a dart slug (3 damage)
             ... on level 1 of the Dungeon.
             The game lasted 00:00:09 (46 turns).

mopl the Vexing (Deep Elf Enchanter)                  Turns: 46, Time: 00:00:10

Health: -1/10      AC:  2    Str:  5    XL:     1   Next: 25%
Magic:  6/6        EV: 12    Int: 19    God:
Gold:   0          SH:  0    Dex: 15    Spells: 6/6 levels left

rFire   . . .        a - +1 dagger
rCold   . . .        (no shield)
rNeg    . . .        b - +0 robe
rPois   .            (no helmet)
rElec   .            (no cloak)
rCorr   .            (no gloves)
SInv    .            (no boots)
Will    .....        (no amulet)
Stlth   ++           (no ring)
HPRegen 0.21/turn    (no ring)
MPRegen 0.10/turn

%: no passive effects
@: no status effects
A: no striking features
a: no special abilities


You were on level 1 of the Dungeon.
You visited 1 branch of the dungeon, and saw 1 of its levels.

Inventory:

Hand Weapons
 a - a +1 dagger (weapon)
Armour
 b - a +0 robe (worn)
Potions
 c - 2 potions of invisibility


   Skills:
 + Level 0.0 Fighting
 + Level 1.0 Short Blades
 - Level 2.4 Dodging
 + Level 3.6 Stealth
 + Level 3.0 Spellcasting
 + Level 4.0 Hexes


You had 6 spell levels left.
You didn't know any spells.
Your spell library contained the following spells:

 Spells                   Type           Power      Damage    Failure   Level
 Confusing Touch          Hex            18%        N/A       9%          3
 Tukima's Dance           Hex            18%        N/A       9%          3
 Ensorcelled Hibernation  Hex/Ice        20%        N/A       10%         2
 Dazzling Flash           Conj/Hex       20%        N/A       21%         3


Dungeon Overview and Level Annotations

Branches:
Dungeon (1/15)

Altars:


Message History

There is a large open door here.
You open the large door.
A hobgoblin comes into view.
There is a large open door here.
The helpless hobgoblin fails to defend itself.
You puncture the hobgoblin!
You kill the hobgoblin!
No target in view!
You open the door.
A dart slug and a ball python come into view.
There are monsters nearby!
Found a mace.
There is an open door here.
The ball python hisses angrily.
You completely miss the ball python. The ball python bites you.
The ball python barely misses you.
You hit the ball python.
The ball python is moderately wounded.
The ball python closely misses you. The ball python grabs you.
The ball python constricts you.
You barely miss the ball python.
The ball python is moderately wounded.
The ball python barely misses you. The ball python constricts you.
The dart slug launches a dart at you. The slug dart hits you.
The ball python closely misses you. The ball python constricts you.
You hit the ball python.
The ball python is severely wounded.
The ball python barely misses you. The ball python constricts you.
The dart slug bites you.
You hit the ball python.
You kill the ball python!
You hit the dart slug.
The dart slug is heavily wounded.
The dart slug bites you.
* * * LOW HITPOINT WARNING * * *
You hit the dart slug.
The dart slug is severely wounded.
The dart slug bites you.
You die...

#.#####...#
#...#....##
###.#.#.##
#...#.#
#####.#
##'##
##...##
##.....##
#..@w...#
#...†.....#
+.........+
#.........#
##......)##
##.....##
##...##
##+##


You could see a dart slug.

Vanquished Creatures
  A hobgoblin (D:1)
  A ball python (D:1)
2 creatures vanquished.

Notes
Turn   | Place    | Note
-------+----------+-------------------------------------------
     0 | D:1      | mopl the Deep Elf Enchanter began the quest for the Orb.
     0 | D:1      | Reached XP level 1. HP: 10/10 MP: 6/6
    46 | D:1      | Slain by a dart slug

Illustrated notes

Levels and vault maps discovered:
D:1:      lightli_arrival_lavapool, layout_loops_corners

Action                     || total
---------------------------++-------
  Melee: Dagger            ||     8
   Stab: Sleeping          ||     1
  Dodge: Dodged            ||     5

Table legend: (Time is in decaauts)
 A = Elapsed time spent in this place.
 B = Non-inter-level travel time spent in this place.
 C = Inter-level travel time spent in this place.
 D = Time resting spent in this place.
 E = Time spent auto-exploring this place.
 F = Levels seen in this place.
 G = Mean time per level.
                   A        B        C        D        E       F      G
               +--------+--------+--------+--------+--------+-----+--------+
         Total |     45 |     45 |      0 |      0 |     29 |   1 |   45.0 |
       Dungeon |     45 |     45 |      0 |      0 |     29 |   1 |   45.0 |
               +--------+--------+--------+--------+--------+-----+--------+

Top non-repeatable levels by time:
     D:1: 45 daAuts
